 Dungeon Crawl Stone Soup version 0.30-a0-395-gfe72c29 (webtiles) character file.

Game seed: 5291850847322104571

15 Illumine the Shooter (level 2, 21/25 HPs)
             Began as a Hill Orc Hunter on Dec 6, 2022.
             Quit the game on level 1 of the Dungeon.
             The game lasted 00:00:51 (409 turns).

Illumine the Shooter (Hill Orc Hunter)               Turns: 409, Time: 00:00:51

Health: 21/25      AC:  4    Str: 13    XL:     2   Next: 50%
Magic:  2/2        EV: 11    Int:  9    God:
Gold:   29         SH:  0    Dex: 14    Spells: 1/1 levels left

rFire   . . .      SeeInvis .    a - +0 shortbow
rCold   . . .      Faith    .    (shield currently unavailable)
rNeg    . . .      Spirit   .    c - +0 leather armour
rPois   .          Reflect  .    (no helmet)
rElec   .          Harm     .    (no cloak)
rCorr   .          Rampage  .    d - +0 pair of gloves
Will    .....                    (no boots)
Stlth   +.........               (no amulet)
HPRegen 0.24/turn                (no ring)
MPRegen 0.08/turn                (no ring)

@: no status effects
A: no striking features
a: no special abilities


You were on level 1 of the Dungeon.
You visited 1 branch of the dungeon, and saw 1 of its levels.

You collected 29 gold pieces.

Inventory:

Hand Weapons
 a - a +0 shortbow (weapon)
Armour
 c - a +0 leather armour (worn)
 d - a +0 pair of gloves (worn)
Scrolls
 b - a scroll of immolation
 g - a scroll of amnesia {unknown}
Potions
 e - a potion of attraction {unknown}
 f - a potion of flight {unknown}
 h - a potion of cancellation {unknown}


   Skills:
 + Level 2.7 Fighting
 * Level 3.9 Ranged Weapons
 + Level 1.8 Dodging
 - Level 0.7 Stealth


You had one spell level left.
You didn't know any spells.
Your spell library contained the following spells:

 Spells                   Type           Power      Damage    Failure   Level
 Kindle Blastsparks       Fire/Tloc/Air  0%         2d10      83%         3
 Fulminant Prism          Conj/Hex       0%         3d5       99%         4
 Iskenderun's Mystic Bla  Conj/Tloc      0%         2d3       99%         4
 Lee's Rapid Deconstruct  Erth           0%         3d4*      100%        5


Dungeon Overview and Level Annotations

Branches:
Dungeon (1/15)

Altars:


Message History

You shoot an arrow. The arrow misses the frilled lizard.
The frilled lizard barely misses you.
Unknown command.
Fire: a) +0 shortbow
Press: ? - help, Q - select action Shift-Dir - straight line, f/p - frilled lizard
Aim: a frilled lizard (42% to hit)
You shoot an arrow.
The arrow closely misses the frilled lizard.
The frilled lizard barely misses you.
Fire: a) +0 shortbow
Press: ? - help, Q - select action Shift-Dir - straight line, f/p - frilled lizard
Aim: a frilled lizard (42% to hit)
You shoot an arrow.
The arrow barely misses the frilled lizard.
The frilled lizard closely misses you. The frilled lizard barely misses you.
Fire: a) +0 shortbow
Press: ? - help, Q - select action Shift-Dir - straight line, f/p - frilled lizard
Aim: a frilled lizard (42% to hit)
You shoot an arrow.
The arrow hits the frilled lizard but does no damage.
The frilled lizard barely misses you.
Fire: a) +0 shortbow
Press: ? - help, Q - select action Shift-Dir - straight line, f/p - frilled lizard
Aim: a frilled lizard (42% to hit)
You shoot an arrow.
The arrow closely misses the frilled lizard.
The frilled lizard bites you but does no damage. x2
Fire: a) +0 shortbow
Press: ? - help, Q - select action Shift-Dir - straight line, f/p - frilled lizard
Aim: a frilled lizard (42% to hit)
You shoot an arrow. The arrow hits the frilled lizard.
The frilled lizard is heavily wounded.
The frilled lizard bites you.
Fire: a) +0 shortbow
Press: ? - help, Q - select action Shift-Dir - straight line, f/p - frilled lizard
Aim: a frilled lizard (heavily wounded, 42% to hit)
You shoot an arrow.
The arrow closely misses the frilled lizard.
The frilled lizard bites you.
Are you sure you want to abandon this character and quit the game? (Confirm with "yes".)

###.#####.##. .......##
).........# #.##.#!.....
##.######## #......#
##...# ####.#...l..
####.# #.####.#. # #.#
##......# # #.# #...#####
####.### #.l.# .......#
#.@.#
.###...########...#####
.#.......##...........#
........................#
.#.......##...........##.
.##....########...#####
.......# #...# ###...##
#...# ......# #...#


You could see a frilled lizard.

Vanquished Creatures
  3 bats (D:1)
  An endoplasm (D:1)
  A giant cockroach (D:1)
  A hobgoblin (D:1)
  A quokka (D:1)
  3 ball pythons (D:1)
  3 goblins (D:1)
  A rat (D:1)
14 creatures vanquished.

Notes
Turn   | Place    | Note
-------+----------+-------------------------------------------
     0 | D:1      | Illumine the Hill Orc Hunter began the quest for the Orb.
     0 | D:1      | Reached XP level 1. HP: 18/18 MP: 1/1
   181 | D:1      | Reached XP level 2. HP: 25/25 MP: 2/2
   409 | D:1      | Quit the game

Illustrated notes

Levels and vault maps discovered:
D:1:      erik_arrival_triangle_small, layout_loops_cross,
          hangedman_decor_clover_reticule

Action                   || total
-------------------------++-------
 Fire: Shortbow          ||    47
Armor: Leather armour    ||     8
Dodge: Dodged            ||    17

Table legend: (Time is in decaauts)
 A = Elapsed time spent in this place.
 B = Non-inter-level travel time spent in this place.
 C = Inter-level travel time spent in this place.
 D = Time resting spent in this place.
 E = Time spent auto-exploring this place.
 F = Levels seen in this place.
 G = Mean time per level.
                   A        B        C        D        E       F      G
               +--------+--------+--------+--------+--------+-----+--------+
         Total |    425 |    425 |      0 |     45 |    265 |   1 |  425.0 |
       Dungeon |    425 |    425 |      0 |     45 |    265 |   1 |  425.0 |
               +--------+--------+--------+--------+--------+-----+--------+

Top non-repeatable levels by time:
     D:1: 425 daAuts
